[Event "Titled Tuesday Blitz May 23 Early 2023"]
[White "Lewicki, Miroslaw"]
[Black "Molina, Roberto Junio Brito"]
[WhiteFideId "1113380"]
[BlackFideId "2109450"]
[WhiteElo "2212"]
[BlackElo "2376"]
[Result "0-1"]
[Round "08"]
[TimeControl "180+2"]
[Date "2023.05.23"]
[WhiteClock "0:00:00"]
[BlackClock "0:00:12"]

1. b3 d5 2. Bb2 Bg4 3. Nf3 Nd7 4. g3 Ngf6 5. Bg2 e6 6. O-O Bd6 7. d4 O-O 8. Nbd2 Qe7 9. Ne5 Bf5 10. c4 c6 11. Ndf3 h6 12. a3 a5 13. c5 Bc7 14. b4 Nxe5 15. dxe5 Nd7 16. Qd2 Be4 17. Rfe1 Bxf3 18. exf3 b6 19. cxb6 Nxb6 20. Bf1 Rfb8 21. Bd4 axb4 22. axb4 Qd7 23. f4 Nc8 24. Rxa8 Rxa8 25. Rc1 Bb6 26. Bxb6 Nxb6 27. Qc3 Ra4 28. Qc5 Qb7 29. Qd6 Nc4 30. Qd8+ Kh7 31. h4 h5 32. Bxc4 dxc4 33. Rxc4 c5 34. Kh2 Ra2 35. Qd3+ g6 36. Qe3 cxb4 37. g4 hxg4 38. h5 Ra3 39. hxg6+ Kxg6 40. Qd2 Qf3 41. Qc2+ Kg7 42. f5 Qh3+ 43. Kg1 Ra1+ 0-1


[Site "https://www.chess.com"]

[Event "Titled Tuesday Blitz May 23 Early 2023"]
[White "Filgueira, Hernan"]
[Black "Bryakin, Mikhail"]
[WhiteFideId "101770"]
[BlackFideId "4165314"]
[WhiteElo "2363"]
[BlackElo "2467"]
[Result "0-1"]
[Round "08"]
[TimeControl "180+2"]
[Date "2023.05.23"]
[WhiteClock "0:00:04"]
[BlackClock "0:01:27"]

1. c4 c5 2. Nf3 Nf6 3. Nc3 Nc6 4. e3 d5 5. d4 cxd4 6. exd4 g6 7. Bg5 Bg7 8. Bxf6 Bxf6 9. cxd5 Nb8 10. Bc4 O-O 11. h3 Nd7 12. O-O Nb6 13. Bb3 Bf5 14. Re1 Rc8 15. Ne5 a6 16. Qf3 Bd7 17. Rad1 Kg7 18. Ne4 Ba4 19. Bxa4 Nxa4 20. b3 Nb6 21. d6 exd6 22. Ng4 Be7 23. Qe3 Nd5 24. Qh6+ Kg8 25. Ne3 Nxe3 26. Qxe3 d5 27. Nc5 Rc7 28. Qf3 Bxc5 29. dxc5 Rxc5 30. Re5 Qa5 31. a4 d4 32. Re7 Qc3 33. Qxb7 Rf5 34. Re2 a5 35. Red2 Rd8 36. Qb6 Rfd5 37. h4 d3 38. g3 h5 39. Qb5 Rxb5 0-1


[Site "https://www.chess.com"]

[Event "Titled Tuesday Blitz May 23 Early 2023"]
[White "Harsh Suresh"]
[Black "bubeliang"]
[WhiteFideId "45018464"]
[WhiteElo "2209"]
[BlackElo "2613"]
[Result "0-1"]
[Round "08"]
[TimeControl "180+2"]
[Date "2023.05.23"]
[WhiteClock "0:00:03"]
[BlackClock "0:00:09"]

1. e4 c6 2. Nf3 d5 3. Nc3 dxe4 4. Nxe4 Nf6 5. Qe2 Nxe4 6. Qxe4 Qd5 7. Qf4 Qf5 8. Qxf5 Bxf5 9. d3 g6 10. Be3 Bg7 11. Bd4 Bxd4 12. Nxd4 Bd7 13. a4 O-O 14. a5 c5 15. Nb3 Na6 16. d4 Nb4 17. O-O-O Bf5 18. c3 Bc2 19. Nxc5 Bxd1 20. Kxd1 Nc6 21. Nxb7 Rab8 22. a6 e5 23. dxe5 Nxe5 24. Kc2 Ng4 25. f3 Ne3+ 26. Kd2 Rfe8 27. g3 Re7 28. Bh3 Nd5 29. b4 Nb6 30. Kd3 Rbe8 31. Rd1 Re2 32. Rd2 R2e3+ 33. Kc2 Rxf3 34. Kb3 Ree3 35. Rc2 Nd5 36. Bg2 Rxc3+ 37. Rxc3 Rxc3+ 38. Kb2 Rd3 39. Bxd5 Rxd5 40. Kc3 f5 41. Kc4 Rd1 42. b5 g5 43. Na5 f4 44. gxf4 gxf4 45. b6 axb6 46. a7 Rd8 47. Nc6 Ra8 48. Kd4 b5 49. Ke4 b4 50. Nxb4 Rxa7 51. Nd3 Ra4+ 52. Kf3 Ra3 53. Ke4 Ra2 54. h3 Re2+ 55. Kxf4 Re8 56. Nf2 Kg7 57. Kg3 Ra8 58. Ng4 Kg6 59. Ne5+ Kf5 60. Nf3 Ra3 61. Kf2 Kf4 62. Ng1 Ra2+ 63. Ne2+ Ke4 64. Kf1 Kf3 65. Ng1+ Kg3 66. Ne2+ Kxh3 67. Kf2 Rxe2+ 68. Kxe2 Kg2 69. Ke3 h5 70. Kf4 h4 71. Kg4 h3 72. Kf4 h2 0-1


[Site "https://www.chess.com"]

[Event "Titled Tuesday Blitz May 23 Early 2023"]
[White "Tristan, Leonardo"]
[Black "Sielecki, Christof"]
[WhiteFideId "113816"]
[BlackFideId "4620437"]
[WhiteElo "2461"]
[BlackElo "2443"]
[Result "0-1"]
[Round "08"]
[TimeControl "180+2"]
[Date "2023.05.23"]
[WhiteClock "0:00:00"]
[BlackClock "0:00:20"]

1. d4 d5 2. Nf3 Nf6 3. Bf4 e6 4. e3 Bd6 5. Bg3 O-O 6. c4 c5 7. Nc3 cxd4 8. Nxd4 Bxg3 9. hxg3 h6 10. Qc2 Nc6 11. Rd1 Nxd4 12. Rxd4 Qa5 13. cxd5 Nxd5 14. Rh5 Nxe3 15. Qe2 Nf5 16. Ra4 Qb6 17. g4 Nd4 18. Qd2 Rd8 19. Nd5 Rxd5 20. Rxd5 exd5 21. Qxd4 Qxd4 22. Rxd4 Be6 23. Be2 Rd8 24. a4 Kf8 25. a5 Ke7 26. Rb4 Rb8 27. Kd2 Kd6 28. Kc3 b6 29. Kd4 f6 30. Rb3 Bd7 31. Bf3 Bc6 32. a6 b5 33. Rc3 Rb6 34. Ra3 b4 35. Ra5 Rb5 36. Ra1 b3 37. Kc3 Kc5 38. Be2 Rb4 39. Ra5+ Bb5 40. Bxb5 Rxb5 41. Rxb5+ Kxb5 42. Kd4 Kxa6 43. Kxd5 Kb5 44. Ke6 a5 45. Kf7 a4 46. Kxg7 a3 47. bxa3 b2 48. Kxh6 b1=Q 0-1


[Site "https://www.chess.com"]

[Event "Titled Tuesday Blitz May 23 Early 2023"]
[White "Miranda, Rafael"]
[Black "Vakhlamov, Igor L."]
[WhiteFideId "130990"]
[BlackFideId "24126748"]
[WhiteElo "2204"]
[BlackElo "2407"]
[Result "0-1"]
[Round "08"]
[TimeControl "180+2"]
[Date "2023.05.23"]
[WhiteClock "0:00:10"]
[BlackClock "0:00:05"]

1. e4 c5 2. Nf3 e6 3. c3 d5 4. d3 Nc6 5. Be2 g6 6. O-O Bg7 7. Bg5 Nge7 8. Nbd2 h6 9. Bxe7 Qxe7 10. a4 O-O 11. Re1 Qc7 12. Bf1 b6 13. g3 Bb7 14. Bg2 Rad8 15. Qc2 Rfe8 16. h4 Ba6 17. Rad1 dxe4 18. dxe4 Bd3 19. Qb3 Na5 20. Qa2 c4 21. Bf1 Qc5 22. Re3 Bxf1 23. Rxf1 Rd7 24. Rfe1 Red8 25. Nf1 Nb3 26. e5 Rd1 27. h5 g5 28. N1h2 Nc1 29. Qb1 Ne2+ 30. Rxe2 Rxb1 31. Rxb1 Rd3 32. Re4 a6 33. Kg2 Qd5 34. Rbe1 b5 35. axb5 axb5 36. Ng4 Qa8 37. R1e3 Rd1 38. Re1 Rd3 39. R1e3 Rd5 40. Kh2 Qa1 41. Re2 Rd1 42. Kg2 Rb1 43. Rd4 Rxb2 44. Rd8+ Kh7 45. Re3 Qa7 46. Nd4 Qb7+ 47. Rf3 b4 48. cxb4 c3 49. Ne3 Rd2 50. Nxe6 fxe6 51. Rxd2 cxd2 52. Kf1 Qxf3 53. Kg1 Bxe5 0-1


[Site "https://www.chess.com"]

[Event "Titled Tuesday Blitz May 23 Early 2023"]
[White "brm72"]
[Black "Dimitrov, Atanas"]
[BlackFideId "2901315"]
[WhiteElo "2602"]
[BlackElo "2706"]
[Result "1-0"]
[Round "08"]
[TimeControl "180+2"]
[Date "2023.05.23"]
[WhiteClock "0:00:22"]
[BlackClock "0:00:00"]

1. d4 Nf6 2. c4 g6 3. Nc3 d5 4. Nf3 Bg7 5. Qb3 dxc4 6. Qxc4 O-O 7. e4 a6 8. Be2 b5 9. Qb3 c5 10. dxc5 Be6 11. Qc2 Nc6 12. Be3 Qa5 13. O-O b4 14. Nd5 Nxd5 15. exd5 Bxd5 16. Rfd1 Rfd8 17. Ng5 h6 18. Ne4 Be6 19. Nd2 Nd4 20. Bxd4 Bxd4 21. Bf3 Rac8 22. c6 Bf5 23. Qb3 Be6 24. Qc2 Qb6 25. Nb3 Be5 26. h3 a5 27. Nc5 Bf5 28. Qc4 Bxb2 29. Na4 Qc7 30. Nxb2 Qe5 31. Nd3 Qf6 32. Nc5 Rd6 33. Ne4 Bxe4 34. Bxe4 Kg7 35. Bf3 Rc7 36. Rac1 e5 37. Rxd6 Qxd6 38. Qc5 Qe6 39. Bd5 Qf6 40. Qb6 Qe7 41. Qxa5 Qd6 42. Qc5 Qd8 43. Be4 Qf6 44. Qxb4 Qf4 45. Rd1 f5 46. Qd6 Ra7 47. c7 Qxe4 48. c8=Q 1-0


[Site "https://www.chess.com"]

[Event "Titled Tuesday Blitz May 23 Early 2023"]
[White "djokovic74"]
[Black "Starozhilov, Leonid"]
[BlackFideId "14106752"]
[WhiteElo "2601"]
[BlackElo "2352"]
[Result "1-0"]
[Round "08"]
[TimeControl "180+2"]
[Date "2023.05.23"]
[WhiteClock "0:00:03"]
[BlackClock "0:00:04"]

1. e4 g6 2. d4 Bg7 3. Nf3 d6 4. Nc3 Nf6 5. Be2 O-O 6. O-O Bg4 7. h3 Bxf3 8. Bxf3 Nc6 9. Ne2 e5 10. c3 Re8 11. d5 Ne7 12. c4 Nd7 13. Nc3 f5 14. Rb1 f4 15. b4 h5 16. Na4 Nf6 17. c5 Rf8 18. Re1 Qe8 19. b5 g5 20. Ba3 Nc8 21. Qe2 Qg6 22. g4 fxg3 23. fxg3 g4 24. hxg4 Nxg4 25. Bxg4 hxg4 26. Rf1 Ne7 27. Kg2 Bh6 28. Nc3 Kg7 29. Rxf8 Rxf8 30. Rf1 Rh8 31. Rh1 b6 32. cxd6 cxd6 33. Rh4 Bg5 34. Rxh8 Kxh8 35. Qxg4 Kg7 36. Qd7 Bf6 37. Bxd6 Qg5 38. Bxe7 Bxe7 39. Ne2 Qf6 40. Ng1 Kf8 41. Nf3 Kg7 42. Qxa7 Kg6 43. Qd7 Bd6 44. Qg4+ Kf7 45. Ng5+ Ke8 46. Ne6 Ke7 47. Qg8 Qf7 48. Qd8# 1-0


[Site "https://www.chess.com"]

[Event "Titled Tuesday Blitz May 23 Early 2023"]
[White "Melian, Juan Sebastian"]
[Black "Radzhabov, Rodion"]
[WhiteFideId "3706575"]
[BlackFideId "884715"]
[WhiteElo "2092"]
[BlackElo "2215"]
[Result "0-1"]
[Round "08"]
[TimeControl "180+2"]
[Date "2023.05.23"]
[WhiteClock "0:00:00"]
[BlackClock "0:00:31"]

1. d4 Nf6 2. c4 e6 3. Nc3 Bb4 4. Qc2 c5 5. dxc5 O-O 6. Nf3 Na6 7. a3 Bxc3+ 8. Qxc3 Nxc5 9. b4 Nce4 10. Qb2 Ng4 11. Qc2 Ngxf2 12. Rg1 d5 13. h3 Qc7 14. g3 e5 15. g4 f5 16. g5 f4 17. Bb2 Bf5 18. Bxe5 Qe7 19. Qb3 dxc4 20. Qxc4+ Be6 21. Qc2 Rac8 22. Qb2 Qd7 23. Bd4 Nxh3 24. Ne5 Qd5 25. Bxh3 Bxh3 26. Nf3 Rfe8 27. Rd1 Ng3 28. Be5 Qe4 29. Rd2 Bg4 30. Rg2 Bxf3 0-1


[Site "https://www.chess.com"]

[Event "Titled Tuesday Blitz May 23 Early 2023"]
[White "Ibadov, Dashgyn"]
[Black "Simonian, Hrair"]
[WhiteFideId "24107514"]
[BlackFideId "13302337"]
[WhiteElo "2208"]
[BlackElo "2447"]
[Result "1/2-1/2"]
[Round "08"]
[TimeControl "180+2"]
[Date "2023.05.23"]
[WhiteClock "0:00:02"]
[BlackClock "0:00:14"]

1. e4 c5 2. Nf3 e6 3. d4 cxd4 4. Nxd4 a6 5. Nc3 b5 6. g3 Bb7 7. Bg2 Nf6 8. a3 d6 9. O-O Nbd7 10. Re1 Qc7 11. a4 b4 12. Nd5 exd5 13. exd5+ Ne5 14. f4 Be7 15. Nf5 Ng6 16. Nxg7+ Kf8 17. Nf5 h5 18. Be3 Ng4 19. Bd4 Bf6 20. h3 Bxd4+ 21. Qxd4 Qc5 22. Qxc5 dxc5 23. hxg4 hxg4 24. Nd6 Rb8 25. Nxb7 Rxb7 26. d6 Rd7 27. Rad1 Kg7 28. Bc6 Rdd8 29. d7 Kf6 30. Rd6+ Kg7 31. Re8 Rf8 32. f5 Nh8 33. Kf2 f6 34. Rxf8 Kxf8 35. Rxf6+ Kg7 36. Re6 Nf7 37. Re8 Kf6 38. Ke3 Kxf5 39. a5 c4 40. Kd4 b3 41. cxb3 cxb3 42. Rxd8 Nxd8 43. Bd5 Kf6 44. Bxb3 Ke7 45. Ba4 Ne6+ 46. Kd5 Nf4+ 47. Kc6 Kd8 48. Kb7 Ne2 49. Kxa6 Nxg3 50. Kb7 Ne4 51. Bc6 Nc5+ 52. Kb6 Nxd7+ 53. Bxd7 Kxd7 54. a6 g3 55. a7 g2 56. a8=Q g1=Q+ 57. Kb7 Qg2+ 58. Kb8 Qxb2+ 59. Qb7+ Qxb7+ 60. Kxb7 1/2-1/2


[Site "https://www.chess.com"]

[Event "Titled Tuesday Blitz May 23 Early 2023"]
[White "Gheorghiu, Calin"]
[Black "Gontcharov, Vladislav"]
[WhiteFideId "1200305"]
[BlackFideId "4123492"]
[WhiteElo "2223"]
[BlackElo "2420"]
[Result "1/2-1/2"]
[Round "08"]
[TimeControl "180+2"]
[Date "2023.05.23"]
[WhiteClock "0:00:07"]
[BlackClock "0:00:19"]

1. e4 e6 2. d4 d5 3. Nc3 Bb4 4. e5 c5 5. a3 Bxc3+ 6. bxc3 Ne7 7. Qg4 O-O 8. Bd3 f5 9. exf6 Rxf6 10. Bg5 Rf7 11. Qg3 Nbc6 12. Nf3 Qa5 13. O-O c4 14. Bxe7 cxd3 15. Bb4 Qd8 16. cxd3 h6 17. Rfe1 Bd7 18. Bd6 Qa5 19. c4 dxc4 20. dxc4 Qh5 21. Ne5 Nxe5 22. Rxe5 Rf5 23. Rae1 Qf7 24. d5 Rxe5 25. Bxe5 exd5 26. cxd5 Re8 27. f4 Kh7 28. h3 Bf5 29. Kh2 Re7 30. d6 Re6 31. Rc1 Rg6 32. Qe3 Qd5 33. g4 Bd7 34. Qd4 Qxd4 35. Bxd4 Rxd6 36. Be5 Rd2+ 37. Kg3 Bc6 38. Rc3 Kg6 39. f5+ Kf7 40. Kh4 Rg2 41. Bf4 Re2 42. Re3 Rxe3 43. Bxe3 a5 44. Kg3 b5 45. Bc5 b4 46. axb4 a4 47. b5 Bxb5 48. Kf4 Bd7 49. h4 h5 50. g5 g6 51. fxg6+ Kxg6 52. Ke5 Bg4 53. Ba3 Bd1 54. Bb4 Bc2 55. Ba3 Kf7 56. Bb4 Ke8 57. Ba3 Kf7 58. Bb4 Bg6 59. Ba3 Bc2 1/2-1/2


[Site "https://www.chess.com"]

[Event "Titled Tuesday Blitz May 23 Early 2023"]
[White "Manukyan, Artyom"]
[Black "Prohaszka, Peter"]
[WhiteFideId "13305786"]
[BlackFideId "726265"]
[WhiteElo "2078"]
[BlackElo "2626"]
[Result "0-1"]
[Round "08"]
[TimeControl "180+2"]
[Date "2023.05.23"]
[WhiteClock "0:00:10"]
[BlackClock "0:00:53"]

1. e4 c6 2. d4 d5 3. exd5 cxd5 4. Bd3 Nf6 5. c3 Nc6 6. Bf4 Bg4 7. Qb3 Qd7 8. Nd2 e6 9. Ngf3 Bd6 10. Bxd6 Qxd6 11. O-O O-O 12. Rae1 Qc7 13. Ne5 Nxe5 14. dxe5 Nd7 15. Qc2 g6 16. f4 Bf5 17. Bxf5 gxf5 18. Rf3 Kh8 19. Rh3 Rg8 20. Nf3 Nf8 21. Ng5 Rg6 22. Qf2 Qb6 23. Nxf7+ Kg7 24. Ng5 h6 25. Nf3 Qxf2+ 26. Kxf2 Rg4 27. Rg3 Ng6 28. Rxg4 fxg4 29. Nd4 Nxf4 30. Kg3 Rf8 31. Kxg4 Kg6 32. g3 h5+ 33. Kf3 Nd3+ 34. Ke2 Nxe1 35. Kxe1 Kf7 36. Ke2 a6 37. Ke3 Rg8 38. Kf3 Rg5 39. h3 Rxe5 40. g4 hxg4+ 41. hxg4 Re1 42. g5 e5 43. Nf5 Rf1+ 44. Kg4 Rf4+ 0-1


[Site "https://www.chess.com"]

[Event "Titled Tuesday Blitz May 23 Early 2023"]
[White "MKlose11"]
[Black "Turzo, Attila"]
[BlackFideId "704954"]
[WhiteElo "2681"]
[BlackElo "2508"]
[Result "1-0"]
[Round "08"]
[TimeControl "180+2"]
[Date "2023.05.23"]
[WhiteClock "0:00:17"]
[BlackClock "0:00:00"]

1. e4 d6 2. d4 Nf6 3. Nc3 g6 4. Bg5 Nbd7 5. Qd2 c6 6. g3 h6 7. Be3 Ng4 8. Bg2 Nxe3 9. Qxe3 Bg7 10. Nge2 e5 11. O-O O-O 12. d5 Qe7 13. Rad1 Nf6 14. Qd3 Rd8 15. b4 cxd5 16. Nxd5 Nxd5 17. exd5 f5 18. c4 a5 19. a3 axb4 20. axb4 b6 21. c5 bxc5 22. bxc5 e4 23. Qc4 Ba6 24. cxd6 Rxd6 25. Qc2 Bd3 26. Qd2 Rxd5 27. Nf4 Rd6 28. Nxd3 Rxd3 29. Qxd3 exd3 30. Bxa8 Qd8 31. Bf3 d2 32. Rb1 Qd3 33. Kg2 g5 34. h3 Qd4 35. Rb5 g4 36. hxg4 fxg4 37. Bd5+ Kh7 38. Rd1 Qd3 39. Rc5 Qd4 40. Rb5 Qd3 41. Rc5 Bd4 42. Rc7+ Kg6 43. Re7 Qc3 44. Re6+ Kf5 45. Re2 Qc5 46. Be4+ Kg5 47. Rexd2 1-0


[Site "https://www.chess.com"]

[Event "Titled Tuesday Blitz May 23 Early 2023"]
[White "Alex_Sahakyan2006"]
[Black "Real_taiatai"]
[WhiteElo "2674"]
[BlackElo "2371"]
[Result "1-0"]
[Round "08"]
[TimeControl "180+2"]
[Date "2023.05.23"]
[WhiteClock "0:00:46"]
[BlackClock "0:00:12"]

1. d4 f5 2. Bg5 h6 3. Bh4 g6 4. Nc3 Bg7 5. e4 g5 6. Bg3 f4 7. Bxf4 gxf4 8. Qh5+ Kf8 9. Qf5+ Ke8 10. Be2 Nf6 11. e5 d6 12. Qg6+ Kf8 13. exf6 exf6 14. Bc4 Qe8+ 15. Qxe8+ Kxe8 16. Nge2 f3 17. gxf3 Bf5 18. Rg1 Bf8 19. Nd5 Kd8 20. O-O-O Nd7 21. Ne3 Bh7 22. Nf4 Nb6 23. Be6 c6 24. Nf5 h5 25. Ng6 Bxg6 26. Rxg6 Nd5 27. Bxd5 cxd5 28. Rxf6 Kd7 29. Re1 Kc6 30. Rf7 Bh6+ 31. Nxh6 Rxh6 32. Ree7 Rc8 33. Re3 Rg6 34. Rc3+ 1-0


[Site "https://www.chess.com"]

[Event "Titled Tuesday Blitz May 23 Early 2023"]
[White "Marcziter, Dmitrii"]
[Black "Hansen, Eric"]
[WhiteFideId "13900765"]
[BlackFideId "2606771"]
[WhiteElo "2162"]
[BlackElo "2561"]
[Result "0-1"]
[Round "08"]
[TimeControl "180+2"]
[Date "2023.05.23"]
[WhiteClock "0:00:24"]
[BlackClock "0:01:38"]

1. d4 c6 2. c4 d5 3. Nf3 Nf6 4. Nc3 e6 5. e3 Nbd7 6. Qc2 Bd6 7. g4 dxc4 8. g5 Nd5 9. Bxc4 Qe7 10. Bd2 N7b6 11. Be2 e5 12. dxe5 Bxe5 13. Nxe5 Qxe5 14. f4 Qe6 15. Qe4 O-O 16. Qxe6 Bxe6 17. O-O-O Rfe8 18. Nxd5 Bxd5 19. Rhg1 Bxa2 20. Bd3 Rad8 21. Kc2 Bb3+ 22. Kxb3 Rxd3+ 23. Kc2 Rd5 24. Rde1 Re4 25. Bc3 Nc4 26. Rg3 c5 27. b3 Nd6 28. Be5 Nf5 29. Rh3 a5 30. Rf3 b5 31. Bc3 a4 32. bxa4 Rxa4 33. Kb2 Nd6 34. e4 Rxe4 35. Rxe4 Nxe4 36. Re3 f5 37. gxf6 Nxf6 38. Re7 Rh5 39. Re5 Rxe5 40. fxe5 Nd5 41. Be1 Kf7 42. Bf2 c4 43. Kc2 Ke6 44. Kd2 g5 45. Bg3 b4 46. Kc2 Ne3+ 47. Kb2 Kd5 48. Be1 b3 49. Bc3 Nd1+ 0-1


[Site "https://www.chess.com"]

[Event "Titled Tuesday Blitz May 23 Early 2023"]
[White "Fier, Alexandr"]
[Black "Toncheva, Nadya"]
[WhiteFideId "2107139"]
[BlackFideId "2924056"]
[WhiteElo "2610"]
[BlackElo "2101"]
[Result "1-0"]
[Round "08"]
[TimeControl "180+2"]
[Date "2023.05.23"]
[WhiteClock "0:01:13"]
[BlackClock "0:00:02"]

1. e4 c5 2. Nf3 Nc6 3. d4 cxd4 4. Nxd4 g6 5. Nc3 Bg7 6. Be3 Nf6 7. Bc4 O-O 8. Bb3 d6 9. f3 Bd7 10. h4 h5 11. Qd2 Rc8 12. O-O-O Na5 13. Kb1 Nc4 14. Bxc4 Rxc4 15. g4 b5 16. gxh5 Nxh5 17. Rdg1 e6 18. Rg5 b4 19. Nce2 Rc5 20. f4 a5 21. f5 exf5 22. exf5 Bxf5 23. Nxf5 Rxf5 24. Rxf5 gxf5 25. Rg1 Kh7 26. Rg5 Nf6 27. Ng3 Ne4 28. Nxe4 fxe4 29. Bd4 f6 30. Rh5+ Kg8 31. Qg2 Qe8 32. Rf5 e3 33. Rf1 Qa8 34. Qg4 Qd5 35. Bxe3 Re8 36. Bh6 Qf7 37. Rg1 Re7 38. Bf4 Kh7 39. Qf5+ Kg8 40. h5 Kh8 41. h6 Bf8 42. Bxd6 Re8 43. Bf4 Qe6 44. Qg6 Qe7 1-0


[Site "https://www.chess.com"]

[Event "Titled Tuesday Blitz May 23 Early 2023"]
[White "Ilamparthi A R"]
[Black "Degenbaev, Aziz"]
[WhiteFideId "45015775"]
[BlackFideId "13802640"]
[WhiteElo "2348"]
[BlackElo "2152"]
[Result "1-0"]
[Round "08"]
[TimeControl "180+2"]
[Date "2023.05.23"]
[WhiteClock "0:01:10"]
[BlackClock "0:00:18"]

1. e4 c5 2. Nf3 d6 3. d3 Nc6 4. g3 g6 5. Bg2 Bg7 6. O-O e6 7. Re1 Nge7 8. c3 e5 9. a3 a5 10. a4 O-O 11. Na3 h6 12. Be3 f5 13. Nb5 f4 14. Qb3+ Kh8 15. Bc1 g5 16. d4 cxd4 17. cxd4 g4 18. Nh4 f3 19. Bf1 Nxd4 20. Nxd4 exd4 21. Rd1 Qe8 22. Qa3 Ng6 23. Nf5 Bxf5 24. exf5 Rxf5 25. Qxd6 Rd8 26. Qb6 Re5 27. Bd2 h5 28. Bd3 Re6 29. Qxa5 Ne5 30. Bf1 h4 31. Bg5 hxg3 32. hxg3 Rdd6 33. Re1 Qh5 34. Bh4 Bf6 35. Bxf6+ Rxf6 36. Qxe5 1-0


[Site "https://www.chess.com"]

[Event "Titled Tuesday Blitz May 23 Early 2023"]
[White "Djordjevic, Vuk"]
[Black "Filipascu"]
[WhiteFideId "902098"]
[WhiteElo "2452"]
[BlackElo "2541"]
[Result "1-0"]
[Round "08"]
[TimeControl "180+2"]
[Date "2023.05.23"]
[WhiteClock "0:01:17"]
[BlackClock "0:00:05"]

1. e4 c5 2. Nc3 g6 3. g3 Bg7 4. Bg2 Nc6 5. d3 e6 6. Be3 d6 7. Qd2 Nd4 8. Nd1 Ne7 9. c3 Ndc6 10. Bh6 Bf6 11. h4 Bd7 12. h5 Qb6 13. Ne3 Ng8 14. Ng4 Qd8 15. Nxf6+ Qxf6 16. Bg5 Qg7 17. Ne2 h6 18. Be3 g5 19. O-O-O O-O-O 20. d4 cxd4 21. cxd4 d5 22. exd5 exd5 23. Bxd5 Nge7 24. Bg2 Bf5 25. d5 Kb8 26. Nd4 Nxd4 27. Bxd4 f6 28. Qa5 Rc8+ 29. Bc3 Bh7 30. d6 Nc6 31. Bxc6 bxc6 32. d7 Rcd8 33. Qb4+ Ka8 34. Qd6 Qf7 35. Qxc6+ Kb8 36. Rd4 a5 37. Bxa5 Rxd7 38. Rxd7 1-0


[Site "https://www.chess.com"]

[Event "Titled Tuesday Blitz May 23 Early 2023"]
[White "gueraumasague"]
[Black "Wagner, Dennis"]
[BlackFideId "24650684"]
[WhiteElo "2539"]
[BlackElo "2478"]
[Result "1-0"]
[Round "08"]
[TimeControl "180+2"]
[Date "2023.05.23"]
[WhiteClock "0:00:30"]
[BlackClock "0:00:54"]

1. e4 c5 2. Nc3 e6 3. f4 d5 4. Bb5+ Bd7 5. Bxd7+ Qxd7 6. d3 Nc6 7. Nf3 dxe4 8. dxe4 Qxd1+ 9. Nxd1 Nf6 10. Nd2 O-O-O 11. c3 Be7 12. Ne3 h5 13. e5 Ng4 14. Ne4 f5 15. exf6 gxf6 16. h3 Nxe3 17. Bxe3 Rhg8 18. O-O b6 19. f5 Rd3 20. Rae1 e5 21. Kf2 Na5 22. Rd1 Rd7 23. b3 c4 24. Rxd7 Kxd7 25. Rd1+ Kc6 26. b4 Nb7 27. Kf3 a6 28. a4 b5 29. axb5+ axb5 30. Ra1 Nd6 31. Ra6+ Kd5 32. Rxd6+ Bxd6 33. Nxf6+ 1-0


[Site "https://www.chess.com"]

[Event "Titled Tuesday Blitz May 23 Early 2023"]
[White "Weetik, Vjacheslav"]
[Black "Liu, Casper"]
[WhiteFideId "4153472"]
[BlackFideId "1454153"]
[WhiteElo "2469"]
[BlackElo "2221"]
[Result "1-0"]
[Round "08"]
[TimeControl "180+2"]
[Date "2023.05.23"]
[WhiteClock "0:00:17"]
[BlackClock "0:00:00"]

1. d4 Nf6 2. c4 c5 3. d5 g6 4. Nc3 Bg7 5. e4 d6 6. h3 O-O 7. Nf3 e6 8. Bd3 exd5 9. cxd5 Re8 10. O-O b5 11. Bxb5 Bd7 12. Bd3 c4 13. Bc2 Na6 14. Bf4 Nc5 15. Re1 Qb6 16. Rb1 Nh5 17. Bh2 Qa6 18. e5 Rab8 19. g4 dxe5 20. gxh5 Bxh3 21. Nxe5 Qf6 22. Bg3 Qg5 23. Nc6 Rbc8 24. hxg6 hxg6 25. Qf3 Bg4 26. Qf4 Qh5 27. Ne5 Bxe5 28. Rxe5 1-0


[Site "https://www.chess.com"]

[Event "Titled Tuesday Blitz May 23 Early 2023"]
[White "Mladek, Richard"]
[Black "Samunenkov, Ihor"]
[WhiteFideId "386588"]
[BlackFideId "14187086"]
[WhiteElo "2332"]
[BlackElo "2457"]
[Result "0-1"]
[Round "08"]
[TimeControl "180+2"]
[Date "2023.05.23"]
[WhiteClock "0:00:12"]
[BlackClock "0:00:22"]

1. e4 c6 2. e5 d5 3. d4 Bf5 4. h4 h5 5. Bd3 Bxd3 6. Qxd3 Qa5+ 7. Nd2 e6 8. Ne2 Nh6 9. O-O Nf5 10. Nf3 Qa6 11. Qd1 c5 12. dxc5 Bxc5 13. a3 Nd7 14. b4 Bxb4 15. Bb2 Be7 16. g3 Nc5 17. Ned4 Nxd4 18. Bxd4 Ne4 19. a4 Rc8 20. a5 O-O 21. Nd2 Nxd2 22. Qxd2 Rc4 23. Rfb1 Rfc8 24. c3 Bc5 25. Rb2 Bxd4 26. cxd4 Qc6 27. Rab1 Rc1+ 28. Kg2 Rxb1 29. Rxb1 b5 30. axb6 axb6 31. Qb4 Rb8 32. Qe7 b5 33. Ra1 Re8 34. Qg5 Qc3 35. Ra7 Qxd4 36. Qxh5 Qxa7 0-1


[Site "https://www.chess.com"]

[Event "Titled Tuesday Blitz May 23 Early 2023"]
[White "Javakhadze, Zurab"]
[Black "Sukandar, Irine Kharisma"]
[WhiteFideId "13603647"]
[BlackFideId "7101937"]
[WhiteElo "2381"]
[BlackElo "2315"]
[Result "1-0"]
[Round "08"]
[TimeControl "180+2"]
[Date "2023.05.23"]
[WhiteClock "0:00:05"]
[BlackClock "0:00:00"]

1. Nf3 c5 2. g3 Nc6 3. Bg2 g6 4. O-O Bg7 5. e4 Nf6 6. Re1 O-O 7. c3 d6 8. h3 Rb8 9. d4 b5 10. d5 Na5 11. e5 dxe5 12. Nxe5 Bb7 13. Nc6 Bxc6 14. dxc6 Qxd1 15. Rxd1 Rfc8 16. Be3 Nxc6 17. Bxc5 e6 18. Bxc6 Rxc6 19. Bxa7 Ra8 20. Bd4 Re8 21. Na3 e5 22. Be3 Rb8 23. Nxb5 Rxb5 24. Rd8+ Bf8 25. Bh6 Nd7 26. Rd1 g5 27. Bxg5 Nc5 28. Be7 Ne6 29. Rxf8+ Nxf8 30. Rd8 Rxb2 31. Bxf8 Rb1+ 32. Kg2 f6 33. Bb4+ Kf7 34. a4 Ra1 35. a5 Ra2 36. g4 Rc4 37. Kg3 Rf4 38. f3 Rc4 39. Rd7+ Kg6 40. h4 h5 41. gxh5+ Kxh5 42. Rh7+ Kg6 43. Rh8 f5 44. Rg8+ Kh7 45. Rg5 f4+ 46. Kg4 Rg2+ 47. Kf5 Rxg5+ 48. hxg5 e4 49. a6 1-0


[Site "https://www.chess.com"]

[Event "Titled Tuesday Blitz May 23 Early 2023"]
[White "Yelisieiev, Yevhenii"]
[Black "Srihari L R"]
[WhiteFideId "14139642"]
[BlackFideId "46617116"]
[WhiteElo "2403"]
[BlackElo "2334"]
[Result "0-1"]
[Round "08"]
[TimeControl "180+2"]
[Date "2023.05.23"]
[WhiteClock "0:00:01"]
[BlackClock "0:00:56"]

1. d4 Nf6 2. Nf3 e6 3. c4 b6 4. Nc3 Bb4 5. Qc2 Bb7 6. a3 Bxc3+ 7. Qxc3 Ne4 8. Qc2 d6 9. e3 Nd7 10. Be2 O-O 11. O-O f5 12. b4 Rf6 13. Ne1 Rh6 14. g3 Qg5 15. Ng2 Ndf6 16. f3 Nxg3 17. hxg3 Qxg3 18. d5 Rh2 19. Bd1 Nh5 20. e4 Qh3 21. Rf2 Rh1# 0-1


[Site "https://www.chess.com"]

[Event "Titled Tuesday Blitz May 23 Early 2023"]
[White "Vlassov, Nikolai"]
[Black "Bagwe Gaurang"]
[WhiteFideId "4103360"]
[BlackFideId "45039895"]
[WhiteElo "2324"]
[BlackElo "1847"]
[Result "0-1"]
[Round "08"]
[TimeControl "180+2"]
[Date "2023.05.23"]
[WhiteClock "0:00:10"]
[BlackClock "0:00:20"]

1. e4 c5 2. c3 Nf6 3. e5 Nd5 4. d4 cxd4 5. cxd4 e6 6. Nc3 d6 7. f4 Nc6 8. Nf3 dxe5 9. fxe5 Be7 10. Bd3 O-O 11. h4 f6 12. Bxh7+ Kxh7 13. Ng5+ Kg8 14. Qh5 fxg5 15. hxg5 Rf5 16. Qh7+ Kf7 17. Qh5+ Kg8 18. Qh7+ Kf7 19. Qh5+ g6 20. Qh7+ Ke8 21. Qxg6+ Kd7 22. Nxd5 b6 23. Rh7 Nxd4 24. Rxe7+ Kc6 25. Rc7+ Kxd5 26. Qg7 Rxe5+ 27. Kf2 Qd6 28. Bf4 Rf5 29. g3 Rxf4+ 30. gxf4 Qxf4+ 31. Kg2 Qg4+ 32. Kf2 Qf3+ 33. Kg1 Ne2+ 34. Kh2 Qg3+ 35. Kh1 Qh3# 0-1


[Site "https://www.chess.com"]